 Dungeon Crawl Stone Soup version 0.28.0-45-g0d030f2227 (webtiles) character file.

Game seed: 18063787713180727300

61 Iusername the Slasher (level 3, -3/30 HPs)
             Began as a Minotaur Gladiator on Apr 7, 2022.
             Slain by a gnoll
             ... wielding a +0 whip
              (4 damage)
             ... on level 2 of the Dungeon.
             The game lasted 00:01:55 (813 turns).

Iusername the Slasher (Minotaur Gladiator)           Turns: 813, Time: 00:01:55

Health: -3/30      AC:  3    Str: 20    XL:     3   Next: 83%
Magic:  2/2        EV: 12    Int:  5    God:
Gold:   52         SH:  0    Dex: 11    Spells: 2/2 levels left

rFire   . . .      SeeInvis .   a - +0 long sword
rCold   . . .      Faith    .   (no shield)
rNeg    . . .      Spirit   .   b - +0 leather armour
rPois   .          Reflect  .   c - +0 hat
rElec   .          Harm     .   (no cloak)
rCorr   .          Rampage  .   (no gloves)
Will    .....                   (no boots)
Stlth   +.........              (no amulet)
HPRegen 0.10/turn               (no ring)
MPRegen 0.08/turn               (no ring)

@: no status effects
A: horns 2, retaliatory headbutt
a: no special abilities


You were on level 2 of the Dungeon.
You visited 1 branch of the dungeon, and saw 2 of its levels.

You collected 52 gold pieces.

Inventory:

Hand Weapons
 a - a +0 long sword (weapon)
Missiles
 d - 3 throwing nets (quivered)
Armour
 b - a +0 leather armour (worn)
 c - a +0 hat (worn)
Jewellery
 f - a ring of poison resistance
Potions
 g - a potion of mutation


   Skills:
 + Level 2.5 Fighting
 + Level 4.5 Long Blades
 + Level 2.1 Throwing
 + Level 1.1 Armour
 + Level 4.2 Dodging


You had 2 spell levels left.
You didn't know any spells.
Your spell library was empty.

Dungeon Overview and Level Annotations

Branches:
Dungeon (2/15)

Altars:

Shops:
D:1 (


Innate Abilities, Weirdness & Mutations

You have a pair of horns on your head.
You reflexively headbutt those who attack you in melee.


Message History

You hit the gnoll but do no damage.
The gnoll is severely wounded.
The gnoll hits you with a +0 whip.
The gnoll hits you but does no damage. x2
You barely miss the gnoll.
The gnoll is severely wounded.
The gnoll misses you.
The gnoll hits you from afar with a +0 spear.
The gnoll misses you. The gnoll closely misses you.
You are too injured to fight recklessly!
You are too injured to fight recklessly!
You are too injured to fight recklessly!
You are too injured to fight recklessly!
You are too injured to fight recklessly!
You are too injured to fight recklessly!
You are too injured to fight recklessly!
You are too injured to fight recklessly!
You are too injured to fight recklessly!
You are too injured to fight recklessly!
You are too injured to fight recklessly!
You are too injured to fight recklessly!
You are too injured to fight recklessly!
You are too injured to fight recklessly!
You are too injured to fight recklessly!
You are too injured to fight recklessly!
You are too injured to fight recklessly!
You are too injured to fight recklessly!
As you read the scroll labelled QOLEBL TURYT, it crumbles to dust.
It is a scroll of identify.
g - a potion of mutation The gnoll hits you from afar with a +0 spear!
* * * LOW HITPOINT WARNING * * *
The gnoll hits you but does no damage. The gnoll misses you.
You furiously retaliate!
You headbutt the gnoll.
Okay, then.
You completely miss the gnoll. Your headbutt misses the gnoll.
The gnoll is almost dead.
The gnoll misses you. The gnoll hits you with a +0 club.
* * * LOW HITPOINT WARNING * * *
The gnoll hits you with a +0 whip.
You die...

..# ..## #.# #.... ).
≈≈ #.#
....#######.#≈≈≈ ##
#.###......#.....#≈≈≈
.###.......#
.....88≈≈≈≈
.......#####
.......... ...###..#
#........(
##..###†####
#..g88≈≈≈≈
##.###....## #.@g.#
#>.#####..###)##g≈≈≈≈≈
##.## ##..##.# ≈≈≈≈≈
#..### ##.##.# ≈≈≈≈#
##...####.##.# ≈≈≈≈≈.
###...##....##≈≈≈≈≈#
###.#......#≈≈≈≈##
#.....†..#≈≈≈≈#
###.......≈≈≈≈###


You could see 3 gnolls.

Vanquished Creatures
  A gnoll (D:2)
  2 adders (D:2)
  5 endoplasms (D:1)
  4 giant cockroaches (D:1)
  A goblin (D:1)
  3 hobgoblins (D:1)
  3 jackals (D:1)
  2 kobolds (D:1)
  3 ball pythons (D:1)
  2 bats (D:1)
  3 frilled lizards
  2 rats (D:1)
31 creatures vanquished.

Notes
Turn   | Place    | Note
-------+----------+-------------------------------------------
     0 | D:1      | Iusername the Minotaur Gladiator began the quest for the
                  | Orb.
     0 | D:1      | Reached XP level 1. HP: 18/18 MP: 0/0
    14 | D:1      | Found Buteyh's Antique Weapon Shop.
   157 | D:1      | Reached XP level 2. HP: 23/25 MP: 1/1
   584 | D:1      | Reached skill level 1 in Armour
   584 | D:1      | Reached XP level 3. HP: 24/30 MP: 2/2
   813 | D:2      | HP: 1/30 [gnoll/+0 club (4)]
   813 | D:2      | Slain by a gnoll

Illustrated notes

Levels and vault maps discovered:
D:1:      amcnicky_arrival_underground_garden, layout_rooms, serial_shops,
          nicolae_shop_window_shopping, minmay_misc_feat_square, minmay_tripent
D:2:      wander_river, layout_rooms, basic_ecumenical_altar

Skill      XL: |  1  2  3 |
---------------+----------+-----
Long Blades    | 4 |  4.5
Armour         | 1 |  1.1
Dodging        | 4 |  4.2
Fighting       | |  2.5
Throwing       | |  2.1

Action                   || total
-------------------------++-------
Melee: Long sword        ||    57
       Headbutt          ||     6
  Use: Scroll            ||     1
Armor: Leather armour    ||    18
Dodge: Dodged            ||    48
